 Dungeon Crawl Stone Soup version 0.31-a0-1278-g11c5b68f87 (webtiles) character file.

Game seed: 7148913907272061803

1762 croobank the Ruffian (level 9, -2/60 HPs)
             Began as an Octopode Shapeshifter on Dec 18, 2023.
             Was a High Priest of Ignis.
             Slain by a wight
             ... wielding a +4 scimitar
              (11 damage)
             ... on level 7 of the Dungeon.
             The game lasted 00:09:47 (5489 turns).

croobank the Ruffian (Octopode Shapeshifter)        Turns: 5489, Time: 00:09:47

Health: -2/60      AC:  1    Str: 19    XL:     9   Next: 7%
Magic:  14/15      EV: 14    Int: 16    God:    Ignis [*****.]
Gold:   252        SH:  0    Dex: 12    Spells: 13/16 levels left

rFire   + . .        C - +2 dagger (pain)
rCold   . . .        (no shield)
rNeg    + . .        (helmet currently unavailable)
rPois   .            (no amulet)
rElec   .            e - ring of positive energy
rCorr   .            t - +6 ring of strength
SInv    .            (no ring)
Will    .....        (no ring)
Stlth   ++           (no ring)
HPRegen 0.30/turn    (no ring)
MPRegen 0.14/turn    (no ring)
                     (no ring)

%: no passive effects
@: lethally poisoned (-2 -> -6), beast-form, unable to call your familiar,
hasted, very quick
A: beast (slay +3), almost no armour, amphibious, 8 rings, camouflage 1,
gelatinous body 1, (nimble swimmer 1), tentacles
a: Begin Untransformation, Renounce Religion, Fiery Armour, Foxfire Swarm,
Rising Flame


You were on level 7 of the Dungeon.
You worshipped Ignis.
Ignis was extremely pleased with you.
You were a hulking beast.
You visited 1 branch of the dungeon, and saw 7 of its levels.

You collected 252 gold pieces.

Inventory:

Hand Weapons
 f - a +2 broad axe of flaming
 i - a +0 spear
 k - a +0 short sword
 C - a +2 dagger of pain (weapon)
Missiles
 d - 3 throwing nets
 s - 8 poisoned darts
Jewellery
 e - a ring of positive energy (left tentacle)
 t - a +6 ring of strength (right tentacle)
Talismans
 b - a beast talisman
 c - a flux talisman
Scrolls
 l - 2 scrolls of identify
 n - a scroll of blinking {unknown}
 o - 2 scrolls of enchant weapon {unknown}
 p - a scroll of vulnerability {unknown}
 q - 3 scrolls of fear {unknown}
 r - 2 scrolls of noise {unknown}
 u - a scroll of fog {unknown}
 v - a scroll of brand weapon {unknown}
 x - 2 scrolls of poison {unknown}
Potions
 a - 2 potions of lignification
 j - 3 potions of cancellation
 m - a potion of haste
 z - a potion of brilliance
 A - a potion of mutation
 B - a potion of might


   Skills:
 + Level 4.8 Fighting
 + Level 5.2 Dodging
 + Level 5.7 Unarmed Combat
 + Level 4.0 Spellcasting
 * Level 3.0 Summonings
 + Level 5.4 Shapeshifting


You had 13 spell levels left.
You knew the following spells:

 Your Spells              Type           Power      Damage    Failure   Level
a - Call Canine Familiar  Summ           12%        N/A       14%         3

Your spell library contained the following spells:

 Spells                   Type           Power      Damage    Failure   Level
 Sigil of Binding         Hex            3%         N/A       45%         3
 Dimensional Bullseye     Hex/Tloc       1%         N/A       86%         4
 Malign Gateway           Summ/Tloc      4%         N/A       100%        7
 Summon Horrible Things   Summ           6%         N/A       100%        8


Dungeon Overview and Level Annotations

Branches:
Dungeon (7/15)
 Temple: D:4-7

Altars:
Elyvilon
Uskayaw
Ignis

Annotations:
D:7 Menkaure


Innate Abilities, Weirdness & Mutations

You are a hulking beast.
Your limbs bulge with bestial killing power. (Slay +3)
You cannot wear most types of armour.
You are amphibious.
You can wear up to eight rings at the same time.
Your skin changes colour to match your surroundings (Stealth+).
Your rubbery body absorbs attacks. (AC +1, EV +1)
((You are camouflaged when in or above water. (Stealth+)))
You have tentacles for arms and can constrict up to eight enemies at once.


Message History

The killer bee poisons you!
The orc priest hits your orc with a +0 club!
Your orc dies!
The orc wizard misses you. The killer bee closely misses you.
You hit the killer bee but do no damage.
Your grab misses the killer bee.
The killer bee is lightly wounded.
You feel very sick.
The orc wizard hits you with a +0 dagger.
The orc priest looks braver for a moment.
You miss the killer bee. You grab the killer bee. You squeeze the killer bee.
The killer bee is moderately wounded.
You constrict the killer bee.
You feel very sick. The killer bee closely misses you.
The killer bee stings you.
* * * LOW HITPOINT WARNING * * *
The orc wizard hits you with a +0 dagger.
* * * LOW HITPOINT WARNING * * *
You barely miss the killer bee.
The killer bee is moderately wounded.
Your surroundings suddenly seem different.
You lose your grip on something.
Menkaure, a gnoll bouda and 2 gnolls come into view.
Found a scroll labelled QIEGESCHIOCS and an encrusted ivory wand.
Found an escape hatch in the floor.
Found a stone staircase leading down.
You feel very sick.
The gnoll bouda shouts!
The gnoll shouts!
A gnoll comes into view. It is wielding a +0 whip.
The gnoll shouts!
You feel yourself speed up.
You feel sick.
A wight comes into view. It is wielding a +0 long sword.
The gnoll bouda barks out a call to the hunt!
The gnolls pick up the pace!
A wight comes into view. It is wielding a +2 falchion.
You feel sick.
The gnoll shouts!
A wight comes into view. It is wielding a +4 scimitar.
Found a stone staircase leading up.
You feel sick. The wight hits you with a +4 scimitar!
You die...

>..#... ..
....... ..
....... ..
....... ####.
z......
#....##...#
#..<.#....#
#...z#....#..
#.z..h....g...
#.......#...g>##
#......##.gg..#
#...... .....#
#.#.... .....M?
....... /......
####### .......


You could see Menkaure, a gnoll bouda, 3 wights and 3 gnolls.

Vanquished Creatures
  Maggie (D:6)
  An ice beast (D:6)
  A sky beast (D:6)
  A black bear (D:5)
  A centaur (D:5)
  A kobold brigand (D:5)
  2 bullfrogs (D:6)
  6 scorpions
  A wight (D:6)
  A howler monkey (D:5)
  A jelly (D:6)
  A hound (D:6)
  A gnoll bouda (D:5)
  3 sleepcaps
  4 iguanas
  5 gnolls (D:5)
  7 adders
  2 ufetubi (D:6)
  A worm (D:4)
  3 orcs
  2 bats (D:2)
  7 endoplasms
  3 giant cockroaches
  8 goblins
  15 hobgoblins
  5 jackals (D:1)
  4 quokkas
  5 ball pythons
  3 frilled lizards
  9 kobolds
  5 rats
110 creatures vanquished.

Vanquished Creatures (collateral kills)
  An orc (D:7)
1 creature vanquished.

Vanquished Creatures (others)
  An orc (D:7)
1 creature vanquished.

Grand Total: 112 creatures vanquished

Notes
Turn   | Place    | Note
-------+----------+-------------------------------------------
     0 | D:1      | croobank the Octopode Shapeshifter began the quest for the
                  | Orb.
     0 | D:1      | Reached XP level 1. HP: 13/13 MP: 1/1
    99 | D:1      | Reached XP level 2. HP: 15/18 MP: 2/2
   589 | D:1      | Reached XP level 3. HP: 23/23 MP: 3/3
  1381 | D:2      | Found a faded altar of an unknown god.
  1392 | D:2      | Prayed at the altar of an unknown god.
  1392 | D:2      | Became a worshipper of Ignis, the Dying Flame
  1445 | D:3      | Reached XP level 4. HP: 29/29 MP: 4/4
  1749 | D:3      | Found a white marble altar of Elyvilon.
  1750 | D:3      | Found a hide-covered altar of Uskayaw.
  1965 | D:4      | Reached skill level 1 in Spellcasting
  1965 | D:4      | Reached XP level 5. HP: 34/34 MP: 6/6
  2101 | D:4      | Reached XP level 6. HP: 36/41 MP: 8/8
  2528 | D:5      | Entered Level 5 of the Dungeon
  2693 | D:5      | Reached XP level 7. HP: 39/46 MP: 10/10
  3208 | D:5      | HP: 1/47 [gnoll/+0 flail[a gnoll bouda] (9)]
  3676 | D:5      | Reached XP level 8. HP: 52/54 MP: 12/12
  4031 | D:6      | Reached skill level 5 in Unarmed Combat
  4307 | D:6      | Reached skill level 5 in Shapeshifting
  4327 | D:6      | Learned a level 3 spell: Call Canine Familiar
  4417 | D:6      | Noticed Maggie
  4429 | D:6      | Killed Maggie
  4498 | D:6      | Reached skill level 5 in Dodging
  5026 | D:6      | Reached XP level 9. HP: 38/59 MP: 14/14
  5486 | D:7      | Noticed Menkaure
  5489 | D:7      | Slain by a wight

Illustrated notes

Levels and vault maps discovered:
D:1:      lightli_arrival_boilingwater, layout_basic, minmay_split_cup_large
D:2:      layout_loops_cross, ebering_ecumenical_altar_mist
D:3:      layout_rooms, minitemple
D:4:      layout_rooms, grunt_ministairs_7
D:5:      layout_loops_ring, lexackson_kobold_supper
D:6:      layout_basic, st_stairs_5, chequers_hall_statues_corner_a,
          hangedman_decor_riveting, kennysheep_dice, uniq_maggie
D:7:      layout_rooms, temple_green, uniq_duvessa, uniq_menkaure

Skill      XL: |  1  2  3  4  5  6  7  8  9 |
---------------+----------------------------+-----
Fighting       | 2 3 4 |  4.8
Spellcasting   | 1 2 3 4 |  4.0
Dodging        | 3 4 5 |  5.2
Unarmed Combat | 4 5 |  5.7
Shapeshifting  | 4 5 |  5.4
Summonings     | 2 3 |  3.0

Action                     |  1- 3 |  4- 6 |  7- 9 || total
---------------------------+-------+-------+-------++-------
  Melee: Unarmed           |    72 |    80 |    86 ||   238
         Constrict         |    20 |    21 |    27 ||    68
         Tentacles         |     8 |    22 |    36 ||    66
         Punch             |     1 |     4 |     7 ||    12
         Dagger            |       |       |    31 ||    31
   Cast: Call Canine Famil |       |       |     1 ||     1
  Evoke: Wand              |       |       |     9 ||     9
    Use: Potion            |       |       |     4 ||     4
         Scroll            |       |       |     9 ||     9
   Stab: Sleeping          |     7 |     6 |     1 ||    14
         Distracted        |       |       |     1 ||     1
         Invisible         |       |       |     1 ||     1
 Armour: Skin              |    22 |    27 |    66 ||   115
  Dodge: Dodged            |    37 |    43 |    84 ||   164

Table legend: (Time is in decaauts)
 A = Elapsed time spent in this place.
 B = Non-inter-level travel time spent in this place.
 C = Inter-level travel time spent in this place.
 D = Time resting spent in this place.
 E = Time spent auto-exploring this place.
 F = Levels seen in this place.
 G = Mean time per level.
                   A        B        C        D        E       F      G
               +--------+--------+--------+--------+--------+-----+--------+
         Total |   5468 |   5306 |    162 |    969 |   3465 |   7 |  781.1 |
       Dungeon |   5468 |   5306 |    162 |    969 |   3465 |   7 |  781.1 |
               +--------+--------+--------+--------+--------+-----+--------+

Top non-repeatable levels by time:
     D:6: 1469 daAuts
     D:5: 1465 daAuts
     D:1: 766 daAuts
     D:2: 669 daAuts
     D:4: 564 daAuts
     D:3: 517 daAuts
     D:7: 16 daAuts
